 Dungeon Crawl Stone Soup version 0.31-a0-986-g5e6e4ef867 (webtiles) character file.

Game seed: 13923923217746243815

858 Firecrotchwizard the Ruffian (level 8, -13/42 HPs)
             Began as a Vine Stalker Shapeshifter on Nov 18, 2023.
             Was an Initiate of Hepliaklqana.
             Mangled by an ogre
             ... wielding a +0 giant spiked club
              (15 damage)
             ... on level 5 of the Dungeon.
             The game lasted 00:10:07 (3898 turns).

Firecrotchwizard the Ruffian (VSSh)                 Turns: 3898, Time: 00:10:07

Health: -13/42     AC: 15    Str: 21    XL:     8   Next: 2%
Magic:  0/9        EV:  8    Int: 16    God:    Hepliaklqana [......]
Gold:   199        SH:  0    Dex: 14    Spells: 7/7 levels left

rFire   . . .        s - +2 dagger (protect)
rCold   + . .        (no shield)
rNeg    . . .        j - +0 chain mail
rPois   .            (helmet currently unavailable)
rElec   .            (cloak currently unavailable)
rCorr   .            (gloves currently unavailable)
SInv    .            (boots currently unavailable)
Will    +....        (no amulet) Stlth
                     r - ring of Xomo {rC+ Str+2 Int+6}
HPRegen 1.07/turn    (no ring)
MPRegen 0.11/turn

%: guardian spirit
@: beast-form, under a protective aura
A: beast (slay +2), fangs 3, regeneration 1, magic shield, antimagic bite, no
potion heal 2
a: Begin Untransformation, Renounce Religion


You were on level 5 of the Dungeon.
You worshipped Hepliaklqana.
Hepliaklqana was noncommittal.
You were a hulking beast.
You visited 1 branch of the dungeon, and saw 5 of its levels.

You collected 199 gold pieces.

Inventory:

Hand Weapons
 n - a +2 dagger of holy wrath
 s - a +2 dagger of protection (weapon)
Missiles
 h - 2 throwing nets {@!f}
Armour
 a - a +0 animal skin
 j - a +0 chain mail (worn)
 l - a +0 ring mail
Jewellery
 r - the ring of Xomo (left hand) {rC+ Str+2 Int+6}
   (You found it on level 4 of the Dungeon)

   [ring of intelligence]

   Str+2:     It affects your strength (+2).
   Int+6:     It affects your intelligence (+6).
   rC+:       It protects you from cold.
Talismans
 c - a beast talisman
 d - a flux talisman
Wands
 p - a wand of digging (5)
Scrolls
 e - 6 scrolls of identify {unknown}
 f - 2 scrolls of teleportation {unknown}
 i - a scroll of fear {unknown}
 m - 2 scrolls of noise {unknown}
 o - 2 scrolls of enchant weapon {unknown}
Potions
 b - a potion of lignification
 g - 3 potions of heal wounds {unknown}
 k - a potion of mutation {unknown}
 q - a potion of degeneration {unknown}
 t - 2 potions of curing {unknown}
 u - a potion of brilliance {unknown}


   Skills:
 + Level 3.9 Fighting
 - Level 1.5 Dodging
 * Level 6.9 Unarmed Combat
 + Level 4.9 Shapeshifting


You had 7 spell levels left.
You didn't know any spells.
Your spell library contained the following spells:

 Spells                   Type           Power      Damage    Failure   Level
 Kiss of Death            Conj/Necr      0%         2d5       90%         1
 Confusing Touch          Hex            0%         N/A       99%         3
 Inner Flame              Hex/Fire       0%         N/A       99%         3
 Dispel Undead            Necr           0%         3d6       100%        4
 Iskenderun's Battlesphe  Conj           0%         2d6       100%        5
 Yara's Violent Unravell  Hex/Tmut       0%         3d3       100%        5
 Bombard                  Conj/Erth      0%         9d1       100%        6
 Enfeeble                 Hex            0%         N/A       100%        7
 Spellforged Servitor     Conj/Summ      0%         N/A       100%        7


Dungeon Overview and Level Annotations

Branches:
Dungeon (5/15)
 Temple: D:4-7

Altars:
Elyvilon
Hepliaklqana
Nemelex Xobeh
The Shining One


Innate Abilities, Weirdness & Mutations

You are a hulking beast.
Your limbs bulge with bestial killing power. (Slay +2)
You have razor-sharp teeth.
Your natural rate of healing is unusually fast.
When hurt, damage is shared between your health and your magic reserves.
Your bite disrupts and absorbs the magic of your enemies.
Potions cannot restore your health.


Message History

The black bear bites you!
The black bear claws you but does no damage.
The black bear claws you.
You hit the black bear. You bite the black bear. You drain its power.
You feel invigorated.
The black bear is almost dead.
The black bear barely misses you.
The black bear claws you but does no damage.
The black bear claws you.
The black bear bites you but does no damage.
The black bear claws you but does no damage.
The black bear barely misses you.
You hit the black bear. You bite the black bear. You drain its power.
You feel invigorated.
The black bear is almost dead.
The black bear closely misses you. The black bear misses you.
The black bear barely misses you.
You hit the black bear.
You kill the black bear!
No target in view!
HP restored.
g - 3 metallic inky potions (gained 1)
t - 2 dark potions (gained 1)
A hound comes into view.
The hound barks!
You puncture the hound!
Your weapon exudes an aura of protection.
The hound is heavily wounded.
The hound bites you but does no damage.
You hit the hound. Your bite misses the hound.
The hound is severely wounded.
The hound bites you. The hound bites you but does no damage.
You hit the hound.
You kill the hound!
You have reached level 8!
You feel agile.
Your teeth grow very long and razor-sharp.
An orc comes into view. It is wielding a +0 hand axe.
Found a stone staircase leading down.
The orc shouts!
You hear a shout! 2 orcs come into view.
The orc shouts! x2
Found a cloak.
The orc barely misses you.
You hit the orc.
Your weapon exudes an aura of protection.
You kill the orc!
An orc comes into view. It is wielding a +0 mace.
You hit the orc. Your bite misses the orc.
The orc is severely wounded.
The orc hits you but does no damage.
You hit the orc.
You kill the orc!
The orc hits you but does no damage.
You barely miss the orc. The orc hits you but does no damage.
You puncture the orc!
You kill the orc!
You hit the orc.
The orc is lightly wounded.
The orc hits you but does no damage.
You barely miss the orc.
The orc is lightly wounded.
The orc barely misses you.
You hit the orc. You punch the orc, but do no damage. You bite the orc.
You drain its power.
The orc is severely wounded.
The orc misses you.
You barely miss the orc.
The orc is severely wounded.
The orc hits you but does no damage.
You hit the orc.
You kill the orc!
No target in view!
No target in view!
u - a fizzy grey potion
Things that are here:
a +0 club; an orc corpse You see here a +0 cloak.
Found a stone staircase leading up.
An ogre comes into view. It is wielding a +0 giant spiked club.
The ogre shouts!
Okay, then.
Okay, then.
You barely miss the ogre. You punch the ogre.
The ogre is lightly wounded.
The ogre hits you with a +0 giant spiked club!!
You hit the ogre.
Your weapon exudes an aura of protection.
Your bite misses the ogre.
The ogre is lightly wounded.
You hit the ogre but do no damage. You punch the ogre.
Your bite misses the ogre.
The ogre is moderately wounded.
The ogre hits you with a +0 giant spiked club!!
* * * LOW MAGIC WARNING * * *
Ouch! That really hurt!
* * * LOW HITPOINT WARNING * * *
You hit the ogre.
The ogre is moderately wounded.
The ogre hits you with a +0 giant spiked club!
You die...

#.#
#.##.#.#
#..
.....#.#
######.#
#.# #.#
#.# #.#
.#######.#
......Oh.#
.######..#
#..# #..#
#..# #..#
#..# #..#


You could see an ogre.

Vanquished Creatures
  Menkaure (D:4)
  A black bear (D:5)
  An ogre (D:3)
  2 phantoms
  Blork the orc (D:4)
  2 hounds
  Terence (D:3)
  Robin (D:4)
  7 gnolls
  11 adders
  A worm (D:2)
  2 dart slugs
  7 orcs
  2 bats (D:2)
  2 endoplasms (D:2)
  21 goblins
  6 hobgoblins
  6 jackals
  5 kobolds
  A quokka (D:1)
  9 ball pythons
  2 frilled lizards
  4 rats
96 creatures vanquished.

Notes
Turn   | Place    | Note
-------+----------+-------------------------------------------
     0 | D:1      | Firecrotchwizard the Vine Stalker Shapeshifter began the
                  | quest for the Orb.
     0 | D:1      | Reached XP level 1. HP: 9/9 MP: 2/2
    79 | D:1      | Reached skill level 1 in Fighting
   145 | D:1      | Reached XP level 2. HP: 13/14 MP: 1/3
   713 | D:2      | Found a white marble altar of Elyvilon.
   787 | D:2      | Reached XP level 3. HP: 13/18 MP: 2/4
   839 | D:2      | Found a faded altar of an unknown god.
  1327 | D:2      | Reached skill level 4 in Unarmed Combat
  1327 | D:2      | Reached XP level 4. HP: 23/23 MP: 5/5
  1480 | D:3      | Identified the +1 ring mail of Context {-Tele Int+6}
  1532 | D:3      | Noticed an ogre
  1545 | D:3      | Killed an ogre
  1546 | D:3      | Reached XP level 5. HP: 27/27 MP: 6/6
  1681 | D:3      | Noticed Terence
  1700 | D:3      | Killed Terence
  1701 | D:3      | Reached skill level 5 in Unarmed Combat
  1721 | D:3      | Reached XP level 6. HP: 32/32 MP: 7/7
  2140 | D:3      | Found a sparkling altar of Nemelex Xobeh.
  2253 | D:4      | Noticed Blork the orc
  2279 | D:4      | Killed Blork the orc
  2365 | D:4      | Noticed Menkaure
  2377 | D:4      | Killed Menkaure
  2378 | D:4      | Reached skill level 6 in Unarmed Combat
  2378 | D:4      | Reached XP level 7. HP: 36/36 MP: 8/8
  2500 | D:4      | Noticed Robin
  2994 | D:4      | Killed Robin
  3000 | D:4      | Identified the ring of Xomo {rC+ Str+2 Int+6}
  3560 | D:5      | Entered Level 5 of the Dungeon
  3596 | D:5      | Found a glowing golden altar of the Shining One.
  3684 | D:5      | Found a hazy altar of Hepliaklqana.
  3731 | D:5      | Became a worshipper of Hepliaklqana the Forgotten
  3824 | D:5      | Gained mutation: You have razor-sharp teeth. [Vine Stalker
                  | growth]
  3824 | D:5      | Reached XP level 8. HP: 42/42 MP: 9/9
  3897 | D:5      | HP: 1/42 [ogre/+0 giant spiked club (26)]
  3898 | D:5      | Mangled by an ogre

Illustrated notes

Levels and vault maps discovered:
D:1:      lightli_iron_boxes, layout_basic
D:2:      layout_basic, hellmonk_ecumenical_altar_run_dry, basic_altar,
          nicolae_kite_square_tiling_tiny
D:3:      layout_loops_ring, nemelex_spade_bored_becter, uniq_terence
D:4:      mumra_celtic_spiral_tile, layout_basic, serial_curves, eino_curves_02,
          eino_curves_02, uniq_menkaure, uniq_blork_the_orc, uniq_robin
D:5:      layout_basic, lemuel_round_altar, tso_metal_star,
          mainiacjoe_overflow_surrounded_room, mainiacjoe_overflow_tiny_flanked,
          lemuel_flamethrower_1

Skill      XL: |  1  2  3  4  5  6 |
---------------+-------------------+-----
Fighting       | 1 2 3 |  3.9
Unarmed Combat | 4 5 6 |  6.9
Shapeshifting  | 4 |  4.9
Dodging        | |  1.5

Action                     |  1- 3 |  4- 6 |  7- 9 || total
---------------------------+-------+-------+-------++-------
  Melee: Unarmed           |    15 |       |       ||    15
         Bite              |    11 |    41 |    27 ||    79
         Dagger            |    56 |   124 |    98 ||   278
         Punch             |       |     3 |     6 ||     9
  Throw: Throwing net      |       |     1 |       ||     1
 Armour: Animal skin       |     9 |       |       ||     9
         Ring mail         |     9 |       |       ||     9
         Chain mail        |    30 |   101 |    88 ||   219
  Dodge: Dodged            |    29 |    51 |    48 ||   128

Table legend: (Time is in decaauts)
 A = Elapsed time spent in this place.
 B = Non-inter-level travel time spent in this place.
 C = Inter-level travel time spent in this place.
 D = Time resting spent in this place.
 E = Time spent auto-exploring this place.
 F = Levels seen in this place.
 G = Mean time per level.
                   A        B        C        D        E       F      G
               +--------+--------+--------+--------+--------+-----+--------+
         Total |   3893 |   3754 |    139 |    382 |   2679 |   5 |  778.6 |
       Dungeon |   3893 |   3754 |    139 |    382 |   2679 |   5 |  778.6 |
               +--------+--------+--------+--------+--------+-----+--------+

Top non-repeatable levels by time:
     D:4: 1337 daAuts
     D:2: 801 daAuts
     D:3: 788 daAuts
     D:1: 628 daAuts
     D:5: 337 daAuts
